Map: [ESL] Hardwire

Players

ByuN

  • Race: Terran Terran

Clem - Winner!

  • Race: Terran Terran

Event: IEM Katowice 2022

VOD

Have the link to the VOD?

Description

Time

  • Played on: Feb. 25, 2022, 3:48 p.m.
  • Length: 7:16

All games in this series

Show
View Real Time Build Order
Export as new Build Order

ByuN Terran 

Build Orders: Gas First Reaper Expand, Hellion Opening 

Get SALT Encoding   

  12  0:00  SCV  
  13  0:12  SCV  
  14  0:16  Supply Depot  
  14  0:24  SCV  
  14  0:27  Refinery  
  15  0:38  SCV  
  16  0:44  Barracks  
  16  0:50  SCV  
  17  1:02  SCV  
  18  1:14  SCV  
  19  1:31  Reaper, Orbital Command  
  20  1:32  Supply Depot  
  20  1:48  Command Center  
  20  1:58  Factory  
  21  2:01  SCV  
  21  2:08  Barracks Reactor  
  21  2:10  Refinery  
  21  2:13  SCV  
  22  2:25  SCV  
  23  2:37  SCV  
  24  2:44  Starport  
  24  2:49  SCV  
  24  2:50  Hellion x2, Barracks Tech Lab  
  29  3:00  Orbital Command  
  29  3:02  SCV  
  30  3:11  Hellion x2  
  34  3:14  SCV  
  34  3:18  Orbital Command  
  35  3:24  Supply Depot  
  35  3:26  SCV, Raven  
  40  3:35  Hellion x2  
  40  3:38  SCV  
  40  3:40  Refinery, Barracks Tech Lab  
  43  3:44  SCV  
  44  3:50  Supply Depot  
  44  3:51  SCV  
  45  3:56  SCV  
  46  4:05  Marine x2  
  46  4:06  SCV  
  46  4:08  SCV  
  53  4:11  Raven  
  53  4:14  Supply Depot  
  53  4:16  Cyclone  
  55  4:18  SCV  
  55  4:20  SCV  
  57  4:26  Marine  
  57  4:28  Marine  
  57  4:31  SCV  
  58  4:32  SCV  
  57  4:43  SCV  
  57  4:44  SCV, Marine  
  60  4:48  Siege Tank  
  63  4:55  SCV  
  63  4:56  Supply Depot, SCV  
  63  4:57  Supply Depot  
  65  5:01  Raven  
  65  5:02  Marine x2  
  69  5:07  SCV  
  70  5:16  Supply Depot  
  70  5:18  SCV  
  70  5:19  SCV  
  72  5:22  Command Center  
  72  5:30  SCV  
  72  5:31  SCV, Marine x2  
  72  5:32  Siege Tank  
  79  5:37  Refinery  
  79  5:41  Barracks  
  79  5:42  Barracks, SCV  
  80  5:43  SCV  
  81  5:54  SCV  
  81  5:55  SCV  
  81  5:56  Viking x2, Marine  
  88  6:06  SCV, Siege Tank  
  88  6:07  SCV  
  93  6:16  Marine  
  94  6:24  Supply Depot  
  94  6:25  SCV x2  
  96  6:30  Engineering Bay x2  
  96  6:31  Viking x2  
  100  6:33  Barracks Reactor  
  100  6:37  SCV  
  100  6:38  SCV x2  
  94  6:44  Marine x2  
  84  6:49  SCV  
  84  6:50  SCV  
  83  7:01  SCV  
Show
View Real Time Build Order
Export as new Build Order

Clem Terran - Winner!

Build Orders:  

Get SALT Encoding   

  12  0:00  SCV  
  13  0:12  SCV  
  14  0:16  Supply Depot  
  14  0:24  SCV  
  15  0:38  SCV  
  15  0:39  Barracks  
  15  0:42  Refinery  
  16  0:50  SCV  
  16  0:52  Refinery  
  17  1:02  SCV  
  18  1:14  SCV  
  19  1:26  Reaper, Orbital Command  
  19  1:27  Supply Depot  
  20  1:41  Factory  
  20  1:52  SCV  
  21  1:58  Reaper  
  22  2:04  SCV  
  23  2:15  Command Center  
  23  2:17  SCV  
  24  2:24  Hellion  
  24  2:29  SCV  
  27  2:30  Barracks Reactor  
  27  2:37  Supply Depot  
  27  2:41  SCV  
  28  2:46  Hellion  
  28  2:49  Starport  
  30  2:53  SCV  
  31  3:05  SCV  
  31  3:07  Marine x2  
  31  3:10  Factory Tech Lab  
  31  3:11  Refinery  
  34  3:18  SCV  
  35  3:27  Orbital Command  
  35  3:28  Cyclone  
  35  3:30  SCV  
  35  3:33  Medivac  
  41  3:36  Marine  
  41  3:37  Marine  
  43  3:43  Supply Depot  
  43  3:45  SCV  
  44  3:53  SCV  
  45  3:57  SCV  
  45  4:01  Siege Tank  
  49  4:03  Starport Tech Lab  
  49  4:05  SCV  
  49  4:09  Supply Depot, Marine x2  
  52  4:12  SCV  
  54  4:17  SCV  
  54  4:21  Raven  
  55  4:27  Marine x2  
  55  4:28  SCV  
  55  4:29  SCV  
  57  4:33  Siege Tank  
  57  4:40  SCV  
  57  4:41  SCV  
  59  4:46  Supply Depot  
  59  4:52  SCV  
  60  4:53  SCV, Marine  
  60  4:54  Marine  
  60  4:57  Supply Depot  
  63  5:04  SCV, Raven  
  63  5:05  SCV, Command Center  
  67  5:08  Siege Tank  
  70  5:15  Refinery  
  70  5:16  SCV  
  70  5:17  SCV, Marine  
  73  5:26  Supply Depot  
  73  5:27  Marine  
  73  5:28  SCV  
  73  5:29  SCV  
  73  5:35  Marine  
  76  5:36  Supply Depot  
  76  5:40  SCV  
  76  5:41  Barracks  
  76  5:42  Barracks  
  77  5:43  Siege Tank  
  77  5:45  SCV  
  81  5:52  SCV  
  82  5:57  SCV, Viking x2  
  82  6:03  Marine  
  88  6:04  SCV  
  88  6:07  Supply Depot  
  88  6:09  SCV  
  90  6:16  Supply Depot, Siege Tank  
  90  6:17  SCV  
  94  6:22  SCV  
  94  6:25  Marine  
  96  6:29  SCV, Viking  
  96  6:31  Viking  
  101  6:34  Barracks Reactor  
  101  6:37  Barracks Reactor  
  98  6:41  SCV  
  98  6:42  Marine  
  93  6:52  SCV  
  89  6:57  SCV  
  96  7:08  Engineering Bay  
  96  7:09  Engineering Bay  

Tags
 
Add a new tag
Caveats
  • Supply blocks, unpowered buildings, or Contaminate may cause inaccurate times.
  • Supply counts are checked every 10 seconds.